 Dungeon Crawl Stone Soup version 0.25-a0-100-g33052ceff8 (console) character file.

Game seed: 14677378230175021031, levelgen mode: deterministic

4 Kagalorn the Covered (level 1, -2/17 HPs)
             Began as a Gnoll Wanderer on Nov 15, 2019.
             Slain by a jackal (3 damage)
             ... on level 1 of the Dungeon.
             The game lasted 00:01:11 (100 turns).

Kagalorn the Covered (Gnoll Wanderer)                Turns: 100, Time: 00:01:11

Health: -2/17      AC:  2    Str: 13    XL:     1   Next: 70%
Magic:  5/6        EV: 11    Int: 14    God:
Gold:   5          SH:  0    Dex: 15    Spells: 8/9 levels left

rFire    . . .     SeeInvis .   (no weapon)
rCold    . . .     Gourm    .   (no shield)
rNeg     . . .     Faith    .   e - +0 robe
rPois    .         Spirit   .   (no helmet)
rElec    .         Reflect  .   (no cloak)
rCorr    .         Harm     .   (no gloves)
MR       .....                  (no boots)
Stlth    ++........             (no amulet)
HPRegen  0.05/turn              (no ring)
MPRegen  0.10/turn              (no ring)

@: no status effects
A: distributed training, fangs 1, strong nose
a: no special abilities


You were on level 1 of the Dungeon.
You were not hungry.

You visited 1 branch of the dungeon, and saw 1 of its levels.

You collected 5 gold pieces.

Inventory:

Hand Weapons
 a - a +0 shortbow
Missiles
 c - 28 arrows
 h - 28 stones (quivered)
Armour
 b - a cursed -1 pair of gloves
 e - a +0 robe (worn)
Scrolls
 i - a scroll of teleportation {unknown}
 j - a scroll of remove curse {unknown}
 k - a scroll of identify {unknown}
Potions
 d - a potion of curing
 g - a potion of flight {unknown}
Comestibles
 f - a ration


   Skills:
 + Level 2.4 Fighting
 + Level 0.1 Short Blades
 + Level 0.1 Long Blades
 + Level 0.1 Axes
 + Level 0.1 Maces & Flails
 + Level 0.1 Polearms
 + Level 0.1 Staves
 + Level 0.1 Slings
 + Level 2.4 Bows
 + Level 0.1 Crossbows
 + Level 2.4 Throwing
 + Level 6.4 Armour
 + Level 0.1 Dodging
 + Level 2.2 Stealth
 + Level 0.1 Shields
 + Level 0.1 Unarmed Combat
 + Level 4.9 Spellcasting
 + Level 0.1 Conjurations
 + Level 0.1 Hexes
 + Level 0.1 Charms
 + Level 0.1 Summonings
 + Level 0.1 Necromancy
 + Level 0.1 Translocations
 + Level 0.1 Transmutations
 + Level 0.1 Fire Magic
 + Level 2.0 Ice Magic
 + Level 0.1 Air Magic
 + Level 0.1 Earth Magic
 + Level 0.1 Poison Magic
 + Level 0.2 Invocations
 + Level 0.1 Evocations


You had 8 spell levels left.
You knew the following spells:

 Your Spells              Type           Power        Failure   Level  Hunger
a - Magic Dart            Conj           #...         17%         1    None

Your spell library contained the following spells:

 Spells                   Type           Power        Failure   Level  Hunger
 Blink                    Tloc           N/A          26%         2    ##.....
 Call Imp                 Summ           #.......     26%         2    ##.....
 Slow                     Hex            #.......     26%         2    ##.....
 Conjure Flame            Conj/Fire      #.......     45%         3    ###....
 Mephitic Cloud           Conj/Pois/Air  #.......     45%         3    ###....


Dungeon Overview and Level Annotations

Branches:
Dungeon (1/15)

Altars:


Innate Abilities, Weirdness & Mutations

Your experience applies equally to all skills.
You have very sharp teeth.
Your uncanny sense of smell can sniff out nearby items.


Message History

Aim: a jackal You shoot an arrow.
The arrow barely misses the jackal.
The jackal bites you but does no damage.
You are now empty-handed.
You closely miss the jackal.
The jackal bites you but does no damage.
You hit the jackal.
The jackal is heavily wounded.
The jackal bites you.
The jackal bites you but does no damage.
You barely miss the jackal.
The jackal is moderately wounded.
The jackal bites you.
* * * LOW HITPOINT WARNING * * *
You closely miss the jackal.
The jackal is moderately wounded.
The jackal bites you.
* * * LOW HITPOINT WARNING * * *
The jackal bites you.
You die...

#.......#
#.......#
#.(.....# #
+(....... #.##
#........
...#(.......
.####.#h.......
.......@#
.####.#.#####
............#
#####.#.###.#
#...###.#
##...##.#
###......#
####........# ∆
............#


You could see a jackal.

Vanquished Creatures
  3 jackals (D:1)
  A bat (D:1)
4 creatures vanquished.

Notes
Turn   | Place    | Note
-------+----------+-------------------------------------------
     0 | D:1      | Kagalorn the Gnoll Wanderer began the quest for the Orb.
     0 | D:1      | Kagalorn set off with the following items: a +0 shortbow,
                  | 32 arrows, a potion of curing, a +0 robe, a ration; and the
                  | following spell memorised: Magic Dart; and the following
                  | spells available to memorise: Blink, Call Imp, Slow,
                  | Conjure Flame, Mephitic Cloud
     0 | D:1      | Reached XP level 1. HP: 17/17 MP: 6/6
   100 | D:1      | Slain by a jackal

Levels and vault maps discovered:
D:1:      beargit_arrival_greenhouse, layout_basic

Skill      XL: |  1 |
---------------+----+-----
Ice Magic      | 2 |  2.0
Fighting       | |  2.4
Short Blades   | |  0.1
Long Blades    | |  0.1
Axes           | |  0.1
Maces & Flails | |  0.1
Polearms       | |  0.1
Staves         | |  0.1
Slings         | |  0.1
Bows           | |  2.4
Crossbows      | |  0.1
Throwing       | |  2.4
Armour         | |  6.4
Dodging        | |  0.1
Stealth        | |  2.2
Shields        | |  0.1
Unarmed Combat | |  0.1
Spellcasting   | |  4.9
Conjurations   | |  0.1
Hexes          | |  0.1
Charms         | |  0.1
Summonings     | |  0.1
Necromancy     | |  0.1
Translocations | |  0.1
Transmutations | |  0.1
Fire Magic     | |  0.1
Air Magic      | |  0.1
Earth Magic    | |  0.1
Poison Magic   | |  0.1
Invocations    | |  0.2
Evocations     | |  0.1

Action                   || total
-------------------------++-------
Melee: Unarmed           ||    16
       Bite              ||     3
 Fire: Shortbow          ||     4
 Cast: Magic Dart        ||     7
Armor: Robe              ||    12
Dodge: Dodged            ||    13

Table legend:
 A = Non-vault XP
 B = Vault XP
 C = Vault XP percentage of total XP
 D = Non-vault monster count
 E = Vault monster count
 F = Vault count percentage of total count
                 A         B        C        D         E       F
            +---------+---------+-------+---------+---------+-------
      Total |       7 |       0 |   0.0 |       4 |       0 |   0.0
            +---------+---------+-------+---------+---------+-------
        D:1 |       7 |       0 |   0.0 |       4 |       0 |   0.0
            +---------+---------+-------+---------+---------+-------
